 Dungeon Crawl Stone Soup version 0.31.0-9-g3a7656b989 (webtiles) character file.

Game seed: 14465882212068042804

4419517 browni3141 the Hoplite (level 27, 235/235 HPs)
             Began as a Formicid Delver on Jan 24, 2024.
             Was a High Priest of Okawaru.
             Escaped with the Orb
             ... and 6 runes
             ... and 1 gem on Jan 25, 2024!
             The game lasted 05:52:14 (67336 turns).

browni3141 the Hoplite (Formicid Delver)           Turns: 67336, Time: 05:52:15

Health: 235/235    AC: 45    Str: 24      XL:     27
Magic:  30/30      EV: 10    Int:  8      God:    Okawaru [*****.]
Gold:   6743       SH: 36    Dex: 20 (23) Spells: 31/32 levels left

rFire   + + +        a - +7 great mace "Rorulusk" {flame, rC+}
rCold   + + .        Y - +10 tower shield of Ignorance {rN+ Int-4}
rNeg    + + +        K - +13 crystal plate armour "Kiomipne" {rPois Dex+8 Slay-4}
rPois   +            (helmet unavailable)
rElec   +            S - +2 cloak {rCorr}
rCorr   +            n - +0 pair of gloves of Trumpets {rF+}
SInv    +            P - +2 pair of boots {Fly}
Will    ++...        U - amulet of regeneration Stlth
                     N - ring "Xytaarch" {*Slow rF+ rC+ rN++}
HPRegen 1.39/turn    Q - ring of Mosmycs {rElec rPois rF+ Str-5}
MPRegen 0.22/turn

%: slow self (1%), clarity
@: flying
A: permanent stasis, dig shafts and tunnels, antennae 3, four strong arms,
hooves 1, iridescent scales 1, clarity, deformed body, low MP 1, mutation
resistance 1, poison resistance, screaming 1, inability to read after injury 1,
persistent drain
0: Orb of Zot
}: 6/15 runes: barnacled, slimy, silver, golden, abyssal, gossamer
a: Dig, Shaft Self, Renounce Religion, Heroism, Finesse, Duel


You escaped.
You worshipped Okawaru.
Okawaru was extremely pleased with you.
You visited 13 branches of the dungeon, and saw 59 of its levels.
You visited the Abyss 1 time.
You visited 1 bazaar.
You also visited: Gauntlet.

You collected 12499 gold pieces.
You spent 5756 gold pieces at shops.

Inventory:

Hand Weapons
 a - the +7 great mace "Rorulusk" (weapon) {flame, rC+}
   (Okawaru gifted it to you on level 4 of the Shoals)

   rC+:       It protects you from cold.
Missiles
 e - 16 curare-tipped darts
 h - 5 silver javelins
 o - 5 darts of dispersal
 J - 21 javelins
 O - 17 atropa-tipped darts
 T - 12 boomerangs (quivered)
 W - 5 datura-tipped darts
 Z - 4 throwing nets
Armour
 n - the +0 pair of gloves of Trumpets (worn) {rF+}
   (You acquired it on level 2 of the Vaults)

   rF+:       It protects you from fire.
 K - the +13 crystal plate armour "Kiomipne" (worn) {rPois Dex+8 Slay-4}
   (Okawaru gifted it to you on level 4 of the Shoals)

   Dex+8:     It affects your dexterity (+8).
   Slay-4:    It affects your accuracy & damage with ranged weapons and melee
   (-4).
   rPois:     It protects you from poison
 P - a +2 pair of boots of flying (worn)
 S - a +2 cloak of preservation (worn)
 Y - the +10 tower shield of Ignorance (worn) {rN+ Int-4}
   (You found it on level 3 of the Elven Halls)

   Int-4:     It affects your intelligence (-4).
   rN+:       It protects you from negative energy.
Jewellery
 b - the ring "Zoeschesy" {^Drain Fly rPois Will+++ Int+2}
   (You found it on level 3 of the Tomb of the Ancients)

   [ring of flight]

   Int+2:     It affects your intelligence (+2).
   rPois:     It protects you from poison Will+++: It greatly increases your
   willpower.
   Fly:       It grants you flight.
   ^Drain:    It drains your maximum health when unequipped.
 j - the ring of Uwec {rPois rC+ Will+ Dex+6 SInv}
   (You found it on level 14 of the Dungeon)

   [ring of dexterity]

   Dex+6:     It affects your dexterity (+6).
   rC+:       It protects you from cold.
   rPois:     It protects you from poison Will+: It increases your willpower.
   SInv:      It lets you see invisible.
 r - the ring "Woit" {^Drain rF++ EV+5 Dex+3 SInv}
   (You found it on level 3 of the Elven Halls)

   [ring of evasion]

   EV+5:      It affects your evasion (+5).
   Dex+3:     It affects your dexterity (+3).
   rF++:      It greatly protects you from fire.
   SInv:      It lets you see invisible.
   ^Drain:    It drains your maximum health when unequipped.
 D - the ring "Caahee Gagui" {Fly rPois rCorr EV+5 Str-2}
   (You took it off a deep elf high priest on level 3 of the Elven Halls)

   [ring of evasion]

   EV+5:      It affects your evasion (+5).
   Str-2:     It affects your strength (-2).
   rPois:     It protects you from poison Fly: It grants you flight.
   rCorr:     It protects you from acid and corrosion.
 N - the ring "Xytaarch" (left hand) {*Slow rF+ rC+ rN++}
   (You bought it in a shop in a bazaar)

   [ring of protection from fire]

   rF+:       It protects you from fire.
   rC+:       It protects you from cold.
   rN++:      It greatly protects you from negative energy.
   *Slow:     It may slow you when you take damage.
 Q - the ring of Mosmycs (right hand) {rElec rPois rF+ Str-5}
   (You found it on level 5 of the Vaults)

   [ring of protection from fire]

   Str-5:     It affects your strength (-5).
   rF+:       It protects you from fire.
   rElec:     It insulates you from electricity.
   rPois:     It protects you from poison
 R - a +7 ring of protection
 U - an amulet of regeneration (around neck)
Talismans
 t - a granite talisman
Wands
 f - a wand of digging (25)
 p - a wand of polymorph (16)
 w - a wand of light (10)
 E - a wand of mindburst (59)
 I - a wand of iceblast (61)
Scrolls
 l - 6 scrolls of fear
 s - 8 scrolls of noise
 x - 11 scrolls of vulnerability
 z - 4 scrolls of poison
 F - 6 scrolls of fog
 G - 2 scrolls of immolation
 V - 2 scrolls of silence
Potions
 c - a potion of cancellation
 d - a potion of ambrosia
 g - a potion of mutation
 i - 2 potions of invisibility
 k - a potion of resistance
 m - 7 potions of magic
 v - 4 potions of attraction
 A - 5 potions of enlightenment
 C - 3 potions of curing
 H - a potion of heal wounds
 L - a potion of lignification
 M - 10 potions of might
Miscellaneous
 u - a condenser vane
 y - a lightning rod (4/4)
 B - a figurine of a ziggurat
 X - a phial of floods


   Skills:
 * Level 23.1 Fighting
 - Level 2.0 Short Blades
 - Level 20.0 Maces & Flails
 - Level 10.5 Ranged Weapons
 + Level 21.1 Throwing
 + Level 21.5 Armour
 - Level 8.0 Dodging
 - Level 6.0 Stealth
 * Level 25.8 Shields
 - Level 3.0 Spellcasting
 - Level 4.0 Translocations
 - Level 14.0 Invocations
 - Level 10.0 Evocations
 - Level 18.0 Shapeshifting


You had 31 spell levels left.
You knew the following spells:

 Your Spells              Type           Power      Damage    Failure   Level
A - Apportation           Tloc           14%        N/A       67%         1

Your spell library contained the following spells:

 Spells                   Type           Power      Damage    Failure   Level
 Kiss of Death            Conj/Necr      4%         2d5       99%         1
 Magic Dart               Conj           4%         1d3       99%         1
 Necrotise                Necr           4%         1d4       99%         1
 Sandblast                Erth           2%         2d4       99%         1
 Sting                    Conj/Alch      4%         1d3       99%         1
 Cigotuvi's Dreadful Rot  Necr/Alch/Air  2%         N/A       100%        2
 Jinxbite                 Hex            2%         N/A       100%        2
 Mercury Vapours          Alch/Air       2%         N/A       100%        2
 Searing Ray              Conj           2%         2d4       100%        2
 Static Discharge         Conj/Air       2%         3-4/arc   100%        2
 Sublimation of Blood     Necr           1%         N/A       100%        2
 Confusing Touch          Hex            1%         N/A       100%        3
 Dazzling Flash           Conj/Hex       2%         N/A       100%        3
 Frozen Ramparts          Ice            2%         1d1       100%        3
 Inner Flame              Hex/Fire       1%         N/A       100%        3
 Mephitic Cloud           Conj/Alch/Air  1%         N/A       100%        3
 Ozocubu's Armour         Ice            1%         N/A       100%        3
 Passwall                 Erth           1%         N/A       100%        3
 Stone Arrow              Conj/Erth      2%         3d7       100%        3
 Vampiric Draining        Necr           1%         2d6       100%        3
 Volatile Blastmotes      Fire/Tloc      8%         2d10      100%        3
 Anguish                  Hex/Necr       0%         N/A       100%        4
 Brom's Barrelling Bould  Conj/Erth      1%         2d3       100%        4
 Cause Fear               Hex            0%         N/A       100%        4
 Dimensional Bullseye     Hex/Tloc       2%         N/A       100%        4
 Dispel Undead            Necr           1%         3d6       100%        4
 Fulminant Prism          Conj/Alch      0%         3d5       100%        4
 Ignite Poison            Fire/Alch      1%         N/A       100%        4
 Iskenderun's Mystic Bla  Conj/Tloc      4%         2d3       100%        4
 Leda's Liquefaction      Alch/Erth      0%         N/A       100%        4
 Olgreb's Toxic Radiance  Alch           1%         N/A       100%        4
 Passage of Golubria      Tloc           7%         N/A       100%        4
 Petrify                  Alch/Erth      1%         N/A       100%        4
 Alistair's Intoxication  Alch           0%         N/A       100%        5
 Arcjolt                  Conj/Air       0%         1d10      100%        5
 Borgnjor's Vile Clutch   Necr/Erth      0%         N/A       100%        5
 Curse of Agony           Necr           1%         N/A       100%        5
 Fireball                 Conj/Fire      0%         3d3       100%        5
 Freezing Cloud           Conj/Ice/Air   0%         6-21      100%        5
 Irradiate                Conj/Alch      0%         3d11      100%        5
 Iskenderun's Battlesphe  Conj           1%         2d6       100%        5
 Metabolic Englaciation   Hex/Ice        0%         N/A       100%        5
 Silence                  Hex/Air        0%         N/A       100%        5
 Yara's Violent Unravell  Hex/Alch       0%         3d3       100%        5
 Conjure Ball Lightning   Conj/Air       0%         3x3d6     100%        6
 Eringya's Noxious Bog    Alch           0%         4d6       100%        6
 Starburst                Conj/Fire      0%         6d3       100%        6
 Enfeeble                 Hex            0%         N/A       100%        7
 Orb of Destruction       Conj           0%         9d5       100%        7
 Ozocubu's Refrigeration  Ice            0%         4d7       100%        7
 Discord                  Hex            0%         N/A       100%        8
 Ignition                 Fire           0%         3d3       100%        8
 Lehudib's Crystal Spear  Conj/Erth      0%         10d2      100%        8
 Maxwell's Capacitive Co  Air            0%         ∞         100%        8
 Chain Lightning          Conj/Air       0%         2d1       100%        9
 Death's Door             Necr           0%         N/A       100%        9
 Fire Storm               Conj/Fire      0%         6d1       100%        9
 Polar Vortex             Ice            0%         N/A       100%        9
 Shatter                  Erth           0%         3d5*      100%        9
 Summon Small Mammal      Summ           Unusable   N/A       N/A         1
 Swiftness                Air            Unusable   N/A       N/A         3
 Tukima's Dance           Hex            Unusable   N/A       N/A         3
 Animate Dead             Necr           Unusable   N/A       N/A         4
 Martyr's Knell           Necr/Summ      Unusable   N/A       N/A         4
 Summon Forest            Summ/Tloc      Unusable   N/A       N/A         5
 Death Channel            Necr           Unusable   N/A       N/A         6
 Sculpt Simulacrum        Ice/Alch       Unusable   N/A       N/A         6
 Summon Hydra             Summ           Unusable   N/A       N/A         7

Dungeon Overview and Level Annotations

Branches:
Dungeon (15/15)            Temple (1/1) D:5            Lair (5/5) D:11
 Shoals (4/4) Lair:3       Spider (4/4) Lair:2        Slime (5/5) Lair:4
    Orc (2/2) D:12            Elf (3/3) Orc:2        Vaults (5/5) D:13
  Crypt (3/3) Vaults:3       Tomb (3/3) Crypt:3      Depths (4/4) D:15
    Zot (5/5) Depths:4    Gauntlet (visited)

Altars:
Ashenzari
Cheibriados
Dithmenos
Elyvilon
Fedhas
Gozag
Hepliaklqana
Kikubaaqudgha
Makhleb
Nemelex Xobeh
Okawaru
Qazlal
Ru
Sif Muna
Trog
Uskayaw
Vehumet
Wu Jian
Xom
Yredelemnul
Zin
The Shining One

Shops:
D:6 [   D:12 =[[(*   Orc:2 [[[!   Elf:2 (   Elf:3 ?   Vaults:3 [   Vaults:4 *

Portals:
Hell: Depths:3
Abyss: Depths:2

Annotations:
Depths:3 Parghit
Zot:4 2 transporters


Innate Abilities, Weirdness & Mutations

You cannot be hasted, slowed, berserked, paralysed or teleported.
You can dig through walls and to a lower floor.
You have a pair of large antennae on your head. (SInv)
Your four strong arms can wield two-handed weapons with a shield.
You have large cloven feet.
You are partially covered in iridescent scales. (AC +2)
You possess an exceptional clarity of mind.
Armour fits poorly on your strangely shaped body.
Your magical capacity is low. (-10% MP)
You are somewhat resistant to further mutation.
Your system is resistant to poisons. (rPois)
You occasionally shout uncontrollably at your foes.
You occasionally lose the ability to read scrolls when taking damage.
Your health recovers twice as slowly from being drained.


Message History

Throw: 12 boomerangs
Press: ? - help, Q - select action, (/) - cycle Shift-Dir - straight line, f - golden eye
Aim: a golden eye (wandering, hasn't noticed you, 52% to hit)
You throw a boomerang. The boomerang hits the golden eye!!
You kill the golden eye!
Okawaru accepts your kill.
A golden eye comes into view.
The golden eye blinks at you. You resist with almost no effort.
You throw a boomerang. The boomerang hits the golden eye!!!
You kill the golden eye!
Okawaru accepts your kill.
What level of the Dungeon? (default 1, ? - help)
There is a stone staircase leading up here.
You fly upwards.
There is a stone staircase leading down here.
There is a stone staircase leading up here.
You fly upwards.
There is a stone staircase leading down here.
HP restored.
There is a stone staircase leading up here.
You fly upwards.
There is a stone staircase leading down here.
There is a stone staircase leading down here.
There is a stone staircase leading up here.
You fly upwards.
There is a stone staircase leading down here.
There is a stone staircase leading up here.
You fly upwards.
There is a stone staircase leading down here.
Things that are here:
a +0 robe; a +2 mace
Things that are here:
a +0 robe; a +0 spear
There is an escape hatch in the floor here.
A reaper comes into view. It is wielding a +2 antimagic scythe.
Things that are here:
a +0 robe; a +0 spear
Things that are here:
a +0 robe; a +3 hand axe
There is a stone staircase leading up here.
You fly upwards.
There is a stone staircase leading down here.
What level of the Dungeon? (default 1, ? - help)
You sense a monster nearby.
There is an open door here.
A lorocyproca comes into view.
There is a stone staircase leading up here.
You fly upwards.
There is a stone staircase leading down here.
What level of the Dungeon? (default 1, ? - help)
A lorocyproca comes into view.
The lorocyproca hits you!!
You feel your power leaking away.
You closely miss the lorocyproca. You bludgeon the lorocyproca!!
You burn the lorocyproca.
The lorocyproca is heavily wounded.
You block the lorocyproca's attack.
You thump the lorocyproca! You burn the lorocyproca.
The lorocyproca is heavily wounded.
The lorocyproca hits you!
You feel your power leaking away.
You closely miss the lorocyproca.
The lorocyproca is heavily wounded.
You bludgeon the lorocyproca!! You burn the lorocyproca.
You kill the lorocyproca!
Okawaru accepts your kill.
What level of the Dungeon? (default 1, ? - help)
You sense a monster nearby.
There is a stone staircase leading up here.
What level of the Dungeon? (default 1, ? - help)
You fly upwards.
There is a stone staircase leading down here.
HP restored.
There is a stone staircase leading up here.
You fly upwards.
There is a stone staircase leading down here.
An ice devil comes into view.
There is a stone staircase leading up here.
You fly upwards.
There is a stone staircase leading down here.
What level of the Dungeon? (default 1, ? - help)
You see here a +0 war axe.
There is a stone staircase leading up here.
You fly upwards.
There is a stone staircase leading down here.
Things that are here:
a +2 leather armour of fire resistance; a +0 short sword Magic restored.
There is a stone staircase leading up here.
You fly upwards.
There is a stone staircase leading down here.
You sense a monster nearby.
There is a stone staircase leading up here.
You fly upwards.
There is a stone staircase leading down here.
A lorocyproca comes into view.
There is an open door here.
There is a staircase leading out of the dungeon here.
You have escaped!

.........................###
##..†...........#####...##
....†...........# ##..##
....###.........#####....#
..................##...#.##
......^#.####.............#
.....#.#..# #.#####.#####.###
.....#....###.#...#.#...#...#
.....####.....#.@.#2'...#...#
....#####.##..#...#.#...#...#
.....#........##2##.#####...#
.....#..[..................##
.....#........#####.##'##..#
.....#........#...#.#...#..#
.....#......#.#.>.'.#...#..#
.....#......#.#...#.#...#..#
.......###....#####.#####..#


You could see a lorocyproca (invisible).

Vanquished Creatures
  the Royal Jelly (Slime:5)
  6 dread liches
  7 ancient liches
  8 orbs of fire
  Mennas (Vaults:3)
  Mara (Arena)
  21 royal mummies
  Sojobo (Vaults:3)
  The ghost of Heot Zafel the Impregnable, a veteran MiGl of Hepliaklqana (Crypt:1)
  5 Killer Klowns (Zot:5)
  Boris (Vaults:4)
  Vv (Depths:3)
  Bai Suzhen (Crypt:2)
  4 curse toes
  5 golden dragons
  A profane servitor (Crypt:2)
  Nikola (Shoals:4)
  8 bone dragons
  A Tzitzimitl (Depths:3)
  2 doom hounds (Zot:1)
  3 electric golems
  A shard shrike zombie (Crypt:3)
  12 tentacled monstrosities
  4 liches
  2 Hell Sentinels
  Mlioglotl (Spider:1)
  Grunn (Zot:1)
  26 Orb Guardians
  2 walking frostbound tomes
  4 quicksilver dragons (Zot:5)
  12 sphinxes
  6 titans
  3 deep elf blademasters
  2 deep elf master archers (Elf:3)
  11 acid blobs
  Polyphemus (Shoals:4)
  7 death cobs
  2 krakens
  3 Executioners
  5 ancient champions
  Kirke (D:13)
  13 shadow dragons
  10 tengu reavers
  Roxanne (Elf:1)
  4 tentacled starspawn (Abyss:6)
  9 revenants
  14 rockslimes
  3 draconian knights
  7 storm dragons
  Ilsuiw (Arena)
  2 draconian monks
  13 azure jellies
  A draconian shifter (Zot:4)
  4 draconian scorchers
  3 fire giants
  An emperor scorpion (Spider:4)
  3 frost giants
  4 protean progenitors (Zot:3)
  5 deep elf sorcerers (Elf:3)
  25 vault wardens
  2 reapers
  2 curse skulls
  4 deep elf elementalists
  A caustic shrike zombie (Tomb:3)
  A juggernaut zombie (Crypt:1)
  Louise (Spider:4)
  A draconian stormcaller (Zot:5)
  7 ghouls
  The ghost of Jaliuk the Eclecticist, a journeyman DECj of Vehumet (D:14)
  11 ghost moths
  19 ironbound preservers
  3 draconian annihilators
  An orc warlord (Vaults:3)
  9 stone giants
  A juggernaut skeleton (Crypt:3)
  2 broodmothers (Spider:4)
  A caustic shrike skeleton (Crypt:1)
  9 quicksilver oozes
  4 vampire knights
  13 very ugly things
  5 ironbound thunderhulks
  A putrid mouth (Zot:1)
  4 formless jellyfish
  6 deep elf death magi
  10 bennus
  2 lorocyprocas
  8 green draconians
  6 red draconians
  2 minotaurs
  6 spark wasps
  6 deep elf demonologists
  5 war gargoyles
  12 starcursed masses (Abyss:6)
  Azrael (D:15)
  10 deep elf annihilators
  4 black draconians
  4 white draconians
  5 yellow draconians
  5 purple draconians
  6 dire elephants
  22 mummy priests
  A blizzard demon (Arena)
  3 eidola
  2 merfolk javelineers
  5 merfolk impalers
  3 crystal guardians (Crypt:3)
  Josephine (D:12)
  3 fire dragons
  6 ettins (Vaults:4)
  3 jiangshi (Crypt:1)
  5 entropy weavers
  A spriggan zombie (Crypt:3)
  The ghost of Laqueoixx the Martial Artist, a journeyman OpSh of Ashenzari (D:10)
  5 deep elf high priests
  42 vault guards
  8 yaktaur captains
  A hell beast (Zot:4)
  2 peacekeepers (Vaults:2)
  A rakshasa (Depths:2)
  6 hydras
  8 ogre magi
  13 great orbs of eyes
  Fannar (D:12)
  4 radroaches
  13 satyrs
  4 jorogumos
  4 catoblepae
  An anaconda (Lair:5)
  9 centaur warriors
  8 boulder beetles
  5 death yaks
  3 merfolk aquamancers
  An alligator snapping turtle (Shoals:1)
  2 merfolk avatars
  2 death knights (Crypt:1)
  18 ironbound frosthearts
  22 two-headed ogres
  A deep troll shaman (Depths:2)
  3 hell hogs
  4 demonic crawlers
  62 death scarabs
  An orc high priest (Orc:2)
  An occultist (Depths:2)
  7 thrashing horrors (Abyss:6)
  44 dancing weapons
  A deep troll earth mage (Depths:1)
  2 tengu warriors
  A naga warrior (Abyss:6)
  4 vampire magi
  A soul eater (Abyss:6)
  6 hell knights (Crypt:3)
  8 sun demons (Depths:3)
  Nergalle (Orc:1)
  12 deep elf knights
  A sixfirhy (Gauntlet)
  A titan skeleton (Tomb:2)
  5 wretched stars (Abyss:6)
  A shadow wraith (Crypt:2)
  5 iron trolls
  5 skysharks
  3 spatial maelstroms (Abyss:6)
  5 pharaoh ants
  45 skeletal warriors
  11 sea snakes
  A skyshark (shapeshifter) (Vaults:5)
  A death drake (shapeshifter) (D:15)
  Lodul (D:13)
  4 glowing orange brains
  9 orb spiders
  2 bog bodies (Crypt:2)
  37 deep trolls
  19 phantasmal warriors
  6 arcanists
  A swamp dragon (Lair:5)
  20 ironbound convokers
  2 spriggan simulacra (Tomb:2)
  4 flayed ghosts
  10 deep elf archers
  8 steelbarb worms
  7 large abominations (Abyss:6)
  An iron giant skeleton (Crypt:3)
  3 sun moths
  9 necromancers
  Pikel (D:7)
  18 wolf spiders
  8 lindwurms
  18 deep elf zephyrmancers
  4 shining eyes
  24 deep elf pyromancers
  21 harpies
  9 orc knights
  34 ugly things
  16 moths of wrath
  A shining eye (shapeshifter) (Vaults:5)
  An orc sorcerer (Orc:1)
  An oklob plant (Lair:5)
  15 fauns
  10 elephants (Lair:3)
  A salamander (Depths:3)
  22 manticores
  4 meliai
  10 merfolk sirens
  A guardian serpent (Abyss:6)
  23 vault sentinels
  3 cyclopes
  2 apocalypse crabs (Abyss:6)
  A kobold blastminer (Orc:2)
  A guardian serpent (shapeshifter) (D:15)
  An alligator snapping turtle zombie (Crypt:3)
  2 black mambas
  A titan simulacrum (Vaults:2)
  An iron dragon skeleton (Crypt:2)
  10 water nymphs
  A water nymph (shapeshifter) (Vaults:4)
  6 smoke demons (Abyss:6)
  A dire elephant zombie (Crypt:2)
  3 centaur skeletons
  4 eyes of devastation
  2 dire elephant skeletons
  Jeremiah (D:7)
  2 torpor snails
  10 cane toads
  6 gargoyles
  A kobold demonologist (D:8)
  A komodo dragon (shapeshifter) (D:14)
  10 rime drakes
  66 yaktaurs
  4 freezing wraiths
  An efreet (D:13)
  13 komodo dragons
  52 guardian mummies
  A black draconian zombie (Crypt:2)
  2 tengu conjurers
  3 ancient zymes (Abyss:6)
  4 trolls
  15 polar bears
  21 merfolk
  2 wind drakes (Shoals:4)
  8 blink frogs
  A hornet (D:8)
  22 tarantellas
  2 harpy skeletons
  Grinder (D:6)
  10 raiju
  A spectral elephant (Gauntlet)
  A merfolk zombie (Crypt:3)
  2 snapping turtles
  A glass eye (Slime:4)
  86 slime creatures
  A radroach zombie (Crypt:2)
  A spectral black mamba (Gauntlet)
  32 jumping spiders
  An air elemental (Elf:1)
  11 wraiths
  5 wyverns
  An ettin skeleton (Crypt:3)
  16 culicivoras
  12 ushabtiu
  11 water elementals
  6 basilisks
  41 yaks
  An elf simulacrum (Vaults:2)
  5 fire elementals
  5 wargs
  A black mamba skeleton (Crypt:2)
  8 humans (D:13)
  5 golden eyes
  A hog (D:13)
  7 neqoxecs
  37 redbacks
  2 swamp worms (Zot:3)
  3 steam dragons (Lair:5)
  Menkaure (D:6)
  3 spatial vortices (Abyss:6)
  A harpy simulacrum (Crypt:2)
  2 naga zombies
  A naga (Abyss:6)
  14 water moccasins
  3 acid dragons
  19 hell hounds
  20 orc warriors
  4 sky beasts
  11 black bears (Lair:5)
  6 ice beasts
  30 ogres
  16 wolves
  39 laughing skulls
  13 centaurs
  2 kobold brigands (D:7)
  2 lemures (D:7)
  2 phantoms (D:4)
  A rime drake skeleton (Crypt:1)
  A vine stalker zombie (Crypt:2)
  8 bullfrogs
  5 earth elementals
  7 necrophages
  5 scorpions
  4 gnoll sergeants
  A small abomination (Abyss:6)
  22 wights
  A yak zombie (Crypt:1)
  A troll skeleton (Crypt:1)
  15 killer bees
  2 howler monkeys (D:7)
  A crimson imp (D:7)
  A wolf skeleton (Crypt:1)
  A quasit (D:14)
  A human zombie (Crypt:1)
  A bombardier beetle (D:6)
  A hound (D:6)
  3 gnoll boudas
  3 jellies
  23 orc priests
  4 iguanas
  Terence (D:2)
  6 hell rats (Lair:4)
  2 sleepcaps
  17 orc wizards
  A polar bear simulacrum (Lair:2)
  4 yak simulacra (Lair:2)
  2 wolf simulacra (Lair:2)
  An acid dragon skeleton (Crypt:1)
  An ogre skeleton (Crypt:2)
  47 mummies
  Robin (D:2)
  14 gnolls
  9 adders
  A steam dragon zombie (Crypt:1)
  2 shadow imps
  2 white imps (D:7)
  3 ufetubi (Gauntlet)
  3 dart slugs (D:1)
  2 ribbon worms (D:3)
  95 orcs
  9 ball pythons
  9 endoplasms
  4 giant cockroaches
  12 goblins
  10 hobgoblins
  7 jackals
  7 quokkas
  7 bats
  2 frilled lizards (D:1)
  A gnoll skeleton (Crypt:2)
  A goblin skeleton (Crypt:1)
  10 kobolds
  A quokka skeleton (Crypt:1)
  3 rats
  4 river rat simulacra (Lair:2)
  An aspiring flesh (Zot:3)
  A lurking horror (Abyss:6)
  A starspawn tentacle (Abyss:6)
2584 creatures vanquished.

Vanquished Creatures (collateral kills)
  A deep elf annihilator (Elf:3)
  An ogre (Orc:2)
2 creatures vanquished.

Vanquished Creatures (others)
  An Orb Guardian (Zot:1)
  A deep elf annihilator (Elf:3)
  2 death scarabs (Tomb:2)
  A dancing weapon (Crypt:3)
  A two-headed ogre (Orc:2)
  2 satyrs (Shoals:4)
  A deep elf zephyrmancer (Elf:1)
  A deep elf pyromancer (Elf:3)
  An ugly thing (D:13)
  A yaktaur (Vaults:3)
  A laughing skull (Abyss:6)
  2 quasits (D:14)
  2 orc wizards (D:4)
  A gnoll (D:12)
  2 foxfires (Abyss:6)
  A lurking horror (Abyss:6)
  12 starspawn tentacles (Abyss:6)
  14 tentacles
47 creatures vanquished.

Grand Total: 2633 creatures vanquished

Notes
Turn   | Place    | Note
-------+----------+-------------------------------------------
     0 | D:5      | browni3141 the Formicid Delver began the quest for the Orb.
     0 | D:5      | Reached XP level 1. HP: 18/18 MP: 1/1
     3 | D:6      | Noticed a scorpion
   113 | D:5      | Noticed a centaur
   170 | D:5      | Found a staircase to the Ecumenical Temple.
   179 | Temple   | Entered the Ecumenical Temple
   200 | Temple   | Became a worshipper of Warmaster Okawaru
   226 | D:5      | Noticed an iguana
   270 | D:5      | Reached XP level 2. HP: 21/24 MP: 2/2
   468 | D:4      | Reached XP level 3. HP: 3/29 MP: 3/3
   608 | D:4      | Reached skill level 3 in Armour
   701 | D:4      | Noticed a phantom
   713 | D:4      | Reached XP level 4. HP: 32/35 MP: 4/4
  1367 | D:2      | Reached * piety under Okawaru
  1368 | D:2      | Reached XP level 5. HP: 41/41 MP: 5/5
  1582 | D:2      | Found a faded altar of an unknown god.
  2260 | D:2      | Noticed Robin
  2288 | D:2      | Killed Robin
  2384 | D:2      | Reached XP level 6. HP: 37/47 MP: 6/8
  2460 | D:2      | Reached skill level 3 in Invocations
  2647 | D:2      | Noticed Terence
  2666 | D:2      | Killed Terence
  2932 | D:3      | Reached skill level 1 in Shields
  3442 | D:4      | Reached skill level 2 in Shields
  3473 | D:4      | Reached skill level 3 in Shields
  3491 | D:4      | Reached XP level 7. HP: 52/52 MP: 7/10
  3500 | D:4      | Reached skill level 4 in Shields
  3602 | D:4      | Found the +8 whip "Snakebite" {venom, curare, rPois}
  3858 | D:4      | Found a shimmering blue altar of Sif Muna.
  4286 | D:5      | Reached ** piety under Okawaru
  4287 | D:5      | Reached XP level 8. HP: 53/60 MP: 11/11
  4572 | D:5      | Reached skill level 3 in Dodging
  4645 | D:6      | Reached skill level 6 in Armour
  4693 | D:6      | Noticed Grinder
  4756 | D:6      | Killed Grinder
  4757 | D:6      | Reached skill level 3 in Maces & Flails
  4943 | D:6      | Reached XP level 9. HP: 57/65 MP: 10/12
  5042 | D:6      | Reached skill level 6 in Maces & Flails
  5196 | D:6      | Found Olyka's Antique Armour Shop.
  5200 | D:6      | Noticed Menkaure
  5210 | D:6      | Killed Menkaure
  5529 | D:6      | Reached *** piety under Okawaru
  6007 | D:7      | Reached skill level 6 in Invocations
  6010 | D:7      | Noticed a centaur warrior
  6014 | D:7      | Noticed a cyan ugly thing
  6018 | D:7      | You fall into a shaft and drop 3 floors!
  6018 | D:10     | Entered Level 10 of the Dungeon
  6257 | D:9      | Reached **** piety under Okawaru
  6304 | D:9      | Reached XP level 10. HP: 71/71 MP: 14/14
  6338 | D:9      | Reached skill level 9 in Maces & Flails
  6659 | D:9      | Found a bloodstained altar of Trog.
  6708 | D:9      | Noticed a two-headed ogre
  6717 | D:9      | Killed a two-headed ogre
  6717 | D:9      | Reached ***** piety under Okawaru
  7734 | D:8      | Reached skill level 12 in Maces & Flails
  8117 | D:8      | Reached XP level 11. HP: 58/77 MP: 15/15
  8126 | D:8      | Received a gift from Okawaru
  8128 | D:8      | Reached skill level 5 in Shields
  8542 | D:8      | Reached skill level 6 in Shields
  8941 | D:7      | Noticed Jeremiah
  8984 | D:7      | Killed Jeremiah
  9017 | D:7      | Reached skill level 7 in Shields
  9137 | D:7      | Killed a cyan ugly thing
  9142 | D:7      | Killed a centaur warrior
  9142 | D:7      | Received a gift from Okawaru
  9147 | D:7      | Noticed a manticore
  9207 | D:7      | Killed a manticore
  9208 | D:7      | Reached skill level 3 in Throwing
  9229 | D:7      | Noticed a manticore
  9385 | D:7      | Killed a manticore
  9458 | D:7      | Noticed Pikel
  9478 | D:7      | Killed Pikel
  9478 | D:7      | Received a gift from Okawaru
  9479 | D:7      | Reached skill level 8 in Shields
 10083 | D:10     | Reached skill level 9 in Invocations
 10125 | D:10     | Reached skill level 6 in Fighting
 10137 | D:10     | Reached XP level 12. HP: 62/88 MP: 16/18
 10269 | D:10     | Found a runed translucent door.
 10270 | D:10     | Noticed Laqueoixx's ghost (journeyman OpSh)
 10492 | D:10     | Found a snail-covered altar of Cheibriados.
 11073 | D:11     | Reached skill level 3 in Evocations
 11190 | D:11     | Found a staircase to the Lair.
 11202 | D:11     | Noticed a two-headed ogre
 11206 | D:11     | Noticed a two-headed ogre
 11224 | D:11     | Killed a two-headed ogre
 11239 | D:11     | Killed a two-headed ogre
 11239 | D:11     | Received a gift from Okawaru
 12169 | D:11     | Identified the +1 hat "Suinaudo" {Str+3}
 12216 | D:12     | Noticed a two-headed ogre
 12226 | D:12     | Killed a two-headed ogre
 12625 | Arena    | Entered the Arena
 12854 | Lair:1   | Entered Level 1 of the Lair of Beasts
 13045 | Lair:1   | Noticed a boulder beetle
 13058 | Lair:1   | Killed a boulder beetle
 13118 | Lair:1   | Reached skill level 3 in Ranged Weapons
 13210 | Lair:1   | Received a gift from Okawaru
 13371 | Lair:1   | Reached XP level 13. HP: 46/98 MP: 20/20
 13850 | Lair:2   | Found a hole to the Spider Nest.
 13893 | Lair:2   | Found a gate leading to a gauntlet.
 13918 | Gauntlet | Entered a Gauntlet
 13918 | Gauntlet | Found a transporter.
 13918 | Gauntlet | Found a transporter.
 13934 | Gauntlet | Found a transporter.
 13935 | Gauntlet | Found a transporter.
 13942 | Gauntlet | Found a transporter.
 13946 | Gauntlet | Found a transporter.
 13954 | Gauntlet | Found a transporter.
 13974 | Gauntlet | Found a transporter.
 13995 | Gauntlet | Found a transporter.
 13996 | Gauntlet | Found a transporter.
 14004 | Gauntlet | Found a transporter.
 14004 | Gauntlet | Noticed a catoblepas
 14009 | Gauntlet | Found a transporter.
 14198 | Gauntlet | Reached skill level 9 in Fighting
 14268 | Gauntlet | Killed a catoblepas
 14315 | Gauntlet | Identified the ring "Ureonaewn" {rC+ rN+}
 14654 | Gauntlet | Noticed a minotaur
 14661 | Gauntlet | Killed a minotaur
 14667 | Gauntlet | Identified the +5 trident of Harmony {drain, rPois MP+9
                  | Str+5}
 14667 | Gauntlet | Identified the +9 short sword of Action {freeze, rElec rC+
                  | Dex-5}
 14794 | Lair:2   | Noticed a five-headed hydra
 14806 | Lair:2   | Killed a five-headed hydra
 15000 | Lair:2   | Noticed an eight-headed hydra
 15012 | Lair:2   | Killed an eight-headed hydra
 15150 | Lair:2   | Reached skill level 9 in Shields
 15422 | Lair:2   | Received a gift from Okawaru
 15775 | Lair:3   | Noticed a catoblepas
 15791 | Lair:3   | Killed a catoblepas
 15792 | Lair:3   | Reached skill level 9 in Armour
 15940 | Lair:3   | Reached XP level 14. HP: 110/110 MP: 22/22
 15975 | Lair:3   | Received a gift from Okawaru
 16102 | Lair:3   | Reached skill level 10 in Shields
 16188 | Lair:3   | Found a staircase to the Shoals.
 16214 | Lair:3   | Reached skill level 6 in Ranged Weapons
 16860 | Lair:4   | Reached skill level 6 in Dodging
 17189 | Lair:4   | Received a gift from Okawaru
 17328 | Lair:4   | Found a staircase to the Slime Pits.
 17693 | Lair:5   | Entered Level 5 of the Lair of Beasts
 17730 | Lair:4   | Reached skill level 12 in Invocations
 17775 | Lair:4   | Reached skill level 11 in Shields
 18295 | Lair:5   | Reached XP level 15. HP: 100/115 MP: 24/24
 18550 | Lair:5   | Received a gift from Okawaru
 18976 | Lair:5   | Reached skill level 12 in Shields
 19668 | D:12     | Received a gift from Okawaru
 19742 | D:12     | Noticed Fannar
 19756 | D:12     | Killed Fannar
 19803 | D:12     | Found a staircase to the Orcish Mines.
 19834 | D:12     | Noticed Josephine
 19843 | D:12     | Killed Josephine
 19907 | D:12     | Found Iqoorch Vaacs's Assorted Antiques.
 19915 | D:12     | Bought a scroll of identify for 54 gold pieces
 19915 | D:12     | Bought 3 scrolls labelled JYADAE WESAURR for 81 gold pieces
 19917 | D:12     | Identified a scroll of acquirement
 20076 | D:12     | Found Apurait's Armour Shop.
 20077 | D:12     | Found Sisius's Weapon Shop.
 20079 | D:12     | Found Mown's Antique Armour Shop.
 20099 | D:12     | Found Pihan's One-of-a-Kind Rings.
 20285 | D:12     | Found a sparkling altar of Nemelex Xobeh.
 20594 | Orc:1    | Entered Level 1 of the Orcish Mines
 20598 | Orc:1    | Noticed Nergalle
 20620 | Orc:1    | Killed Nergalle
 20782 | Orc:2    | Entered Level 2 of the Orcish Mines
 20966 | Orc:2    | Reached skill level 13 in Shields
 20967 | Orc:2    | Reached skill level 9 in Ranged Weapons
 20992 | Orc:2    | Reached skill level 12 in Armour
 21005 | Orc:2    | Received a gift from Okawaru
 21034 | Orc:2    | Reached XP level 16. HP: 122/122 MP: 25/25
 21036 | Orc:2    | Reached skill level 14 in Shields
 21042 | Orc:2    | Found Isok's Antique Armour Shop.
 21042 | Orc:2    | Found Ryacoj's Distillery.
 21064 | Orc:2    | Found Ycehua Zapu's Armour Emporium.
 21064 | Orc:2    | Found Xaugas's Armour Shop.
 21078 | Orc:2    | Bought a potion of degeneration for 14 gold pieces
 21176 | Orc:2    | Found a staircase to the Elven Halls.
 21924 | Orc:2    | Bought the +9 plate armour "Jujehag" {rN+ Str+3 Stlth-} for
                  | 1345 gold pieces
 22100 | D:9      | Acquired 590 gold pieces
 22195 | D:10     | Killed Laqueoixx's ghost
 22297 | D:13     | Received a gift from Okawaru
 22545 | D:13     | Reached skill level 15 in Shields
 22561 | D:13     | Noticed Kirke
 22581 | D:13     | Killed Kirke
 22734 | D:13     | Reached skill level 6 in Throwing
 22747 | Arena    | Entered the Arena
 22774 | D:13     | You are sucked into a shaft and drop 2 floors!
 22774 | D:15     | Entered Level 15 of the Dungeon
 23201 | D:14     | Found a transporter.
 23213 | D:14     | Noticed Jaliuk's ghost (journeyman DECj)
 23317 | D:14     | Found a transporter.
 23406 | D:14     | Found a white marble altar of Elyvilon.
 23745 | D:13     | Noticed Lodul
 23753 | D:13     | Killed Lodul
 23753 | D:13     | Received a gift from Okawaru
 23968 | D:13     | Found a gate to the Vaults.
 24343 | D:15     | Noticed Azrael
 24352 | D:15     | Killed Azrael
 25099 | D:15     | Reached XP level 17. HP: 128/128 MP: 26/26
 25168 | D:15     | Found a staircase to the Depths.
 25348 | D:12     | Bought the +2 cloak of the Thief {*Fog Slay-2 SInv Stlth+}
                  | for 301 gold pieces
 25348 | D:12     | Found the +2 cloak of the Thief {*Fog Slay-2 SInv Stlth+}
 25415 | D:12     | Bought a pair of gloves for 121 gold pieces
 25415 | D:12     | Acquired 938 gold pieces
 25492 | D:12     | Bought a +7 ring of protection for 1552 gold pieces
 25595 | Orc:2    | Bought a potion of resistance for 140 gold pieces
 25732 | Spider:1 | Entered Level 1 of the Spider Nest
 25882 | Spider:1 | Received a gift from Okawaru
 26271 | Spider:1 | Identified the +3 leather armour of Wicked Salvation
                  | {Rampage rCorr Str+2 Int-5}
 26367 | Spider:1 | Noticed Mlioglotl
 26372 | Spider:1 | Killed Mlioglotl
 26373 | Spider:1 | Reached skill level 9 in Throwing
 26693 | Spider:2 | Received a gift from Okawaru
 27055 | Arena    | Entered the Arena
 27075 | Arena    | HP: 6/128 [burnt (12)]
 27580 | Spider:2 | Reached skill level 15 in Armour
 27891 | Spider:3 | Received a gift from Okawaru
 28389 | Spider:3 | Reached XP level 18. HP: 127/129 MP: 27/27
 28789 | Spider:4 | Entered Level 4 of the Spider Nest
 28988 | Spider:4 | Noticed Louise
 29013 | Spider:4 | Killed Louise
 29457 | Spider:4 | Received a gift from Okawaru
 30034 | Spider:4 | Got a gossamer rune of Zot
 30382 | Shoals:1 | Entered Level 1 of the Shoals
 30418 | Shoals:1 | Identified the +0 leather armour "Saaschur" {Will+ Slay+2}
 30766 | Shoals:2 | Reached skill level 15 in Maces & Flails
 31038 | Shoals:2 | Noticed a kraken
 31085 | Shoals:2 | Killed a kraken
 31157 | Shoals:2 | Noticed Ilsuiw
 31160 | Arena    | Entered the Arena
 31184 | Arena    | Killed Ilsuiw
 31870 | Shoals:3 | Reached skill level 12 in Fighting
 31870 | Shoals:3 | Reached XP level 19. HP: 146/146 MP: 28/28
 31938 | Shoals:3 | Found the +3 salamander hide armour {Flames, rFlCloud rF++
                  | rC--}
 33551 | Shoals:1 | Reached skill level 12 in Throwing
 34065 | Shoals:4 | Entered Level 4 of the Shoals
 34087 | Shoals:4 | Received a gift from Okawaru
 34250 | Shoals:4 | Noticed Nikola
 34273 | Shoals:4 | Killed Nikola
 34274 | Arena    | Entered the Arena
 34369 | Shoals:4 | Noticed Polyphemus
 34434 | Shoals:4 | Killed Polyphemus
 34585 | Shoals:4 | Reached skill level 18 in Maces & Flails
 34750 | Shoals:4 | Got a barnacled rune of Zot
 34790 | Shoals:4 | Reached ****** piety under Okawaru
 34902 | Shoals:4 | Identified the +8 sling "Perief" {freeze, *Slow rN+++ rCorr
                  | Stlth+}
 35218 | Shoals:4 | Acquired the +7 great mace "Rorulusk" {flame, rC+}
 35218 | Shoals:4 | Received a gift from Okawaru
 35222 | Shoals:4 | Acquired the +13 crystal plate armour "Kiomipne" {rPois
                  | Dex+8 Slay-4}
 35222 | Shoals:4 | Received a gift from Okawaru
 35391 | Slime:1  | Entered Level 1 of the Pits of Slime
 35655 | Slime:1  | Received a gift from Okawaru
 35691 | Slime:2  | Gained mutation: Your spells are a little easier to cast,
                  | but a little less powerful. [a shining eye]
 35704 | Slime:1  | Reached XP level 20. HP: 136/153 MP: 29/29
 36329 | Slime:5  | Entered Level 5 of the Pits of Slime
 36377 | Slime:5  | Gained mutation: You occasionally lose the ability to read
                  | scrolls when taking damage. [a shining eye]
 36414 | Slime:5  | Noticed the Royal Jelly
 36416 | Slime:5  | Reached skill level 16 in Shields
 36429 | Slime:5  | Killed the Royal Jelly
 36429 | Slime:5  | Received a gift from Okawaru
 36627 | Slime:5  | Got a slimy rune of Zot
 36652 | Slime:5  | Identified the +1 robe of Guybb {rC+ Regen+}
 36657 | Slime:5  | Identified the +5 hand axe of Quick Death {flame, Int+3
                  | Dex+3}
 36667 | Slime:5  | Identified the ring "Hemm" {rPois Slay+3}
 36931 | Slime:5  | Found the +3 giant club "Skullcrusher" {speed, Str+7}
 36939 | Slime:5  | Got Noesmesk's Parchment of the Salvo and Skeletons
 37330 | Slime:5  | Received a gift from Okawaru
 38007 | Vaults:1 | Entered Level 1 of the Vaults
 38186 | Vaults:1 | Reached skill level 17 in Shields
 38497 | Vaults:1 | Reached XP level 21. HP: 159/159 MP: 30/30
 38530 | Vaults:1 | Received a gift from Okawaru
 39440 | Vaults:2 | Received a gift from Okawaru
 39486 | Vaults:2 | Reached skill level 18 in Shields
 40009 | Vaults:2 | Identified the +1 rapier of the Boiling Point {spect,
                  | +Blink rN+}
 40334 | Vaults:2 | Reached skill level 19 in Shields
 40341 | Vaults:2 | Received a gift from Okawaru
 40439 | Vaults:2 | Reached skill level 18 in Armour
 40727 | Vaults:2 | Found a gateway to a bazaar.
 40871 | Vaults:3 | Noticed Mara
 40897 | Arena    | Entered the Arena
 40901 | Arena    | Killed Mara
 40930 | Vaults:3 | Reached XP level 22. HP: 101/165 MP: 20/31
 40996 | Vaults:3 | Reached skill level 6 in Evocations
 41024 | Arena    | Entered the Arena
 41216 | Vaults:3 | Received a gift from Okawaru
 41322 | Vaults:3 | Found Koedd's Armour Shop.
 41584 | Vaults:3 | Reached skill level 20 in Shields
 41638 | Vaults:3 | Noticed Sojobo
 41739 | Vaults:3 | Killed Sojobo
 41941 | Vaults:3 | Found a staircase to the Crypt.
 41941 | Vaults:3 | Found a basalt altar of Yredelemnul.
 41942 | Vaults:3 | Found an ancient bone altar of Kikubaaqudgha.
 42274 | Vaults:3 | Received a gift from Okawaru
 42350 | Vaults:4 | Noticed Mennas
 42439 | Vaults:3 | Killed Mennas
 42681 | Vaults:4 | Found Anuitruwn's General Store.
 42730 | Vaults:4 | Bought a scroll of acquirement for 780 gold pieces
 43135 | Vaults:4 | Received a gift from Okawaru
 43179 | Vaults:4 | Noticed Boris
 43220 | Vaults:4 | Killed Boris
 43221 | Vaults:4 | Reached skill level 9 in Evocations
 43221 | Vaults:4 | Reached XP level 23. HP: 137/175 MP: 28/32
 44069 | Bazaar   | Entered a bazaar
 44103 | Bazaar   | Found Dasefiso's Jewellery Emporium.
 44159 | Bazaar   | Found Mape's Jewellery Emporium.
 44188 | Bazaar   | Found Qotogh's Jewellery Boutique.
 44228 | Bazaar   | Found Booshre's Book Emporium.
 44321 | Bazaar   | Bought the ring "Xytaarch" {*Slow rF+ rC+ rN++} for 526
                  | gold pieces
 44356 | Vaults:2 | Acquired the +0 pair of gloves of Trumpets {rF+}
 44585 | Elf:1    | Entered Level 1 of the Elven Halls
 44752 | Elf:1    | Reached skill level 21 in Shields
 44771 | Elf:1    | Noticed Roxanne
 44817 | Elf:1    | Killed Roxanne
 45263 | Elf:1    | Received a gift from Okawaru
 45657 | Elf:1    | Identified the +0 scale mail of Forking Paths {Will+ Str+3
                  | Dex+4}
 46297 | Elf:2    | Found Ranuigaj's Weapon Shop.
 46350 | Elf:2    | Reached skill level 3 in Shapeshifting
 46368 | Elf:2    | Found a huge runed translucent gate.
 46368 | Elf:2    | Found a huge runed translucent gate.
 46368 | Elf:2    | Found a huge runed translucent gate.
 46368 | Elf:2    | Found a huge runed translucent gate.
 46371 | Elf:2    | Found a huge runed translucent gate.
 46468 | Elf:3    | Entered Level 3 of the Elven Halls
 46503 | Elf:3    | Found Ygou's Magic Scroll Emporium.
 46506 | Elf:3    | Bought a scroll of enchant armour for 75 gold pieces
 46506 | Elf:3    | Bought a scroll of enchant armour for 75 gold pieces
 46506 | Elf:3    | Bought a scroll of fog for 40 gold pieces
 46506 | Elf:3    | Bought a scroll of silence for 95 gold pieces
 46554 | Elf:3    | Received a gift from Okawaru
 46645 | Elf:3    | Reached skill level 6 in Shapeshifting
 46728 | Elf:3    | Received a gift from Okawaru
 46798 | Elf:3    | Identified the +8 broad axe of Hepliaklqana's Delight
                  | {drain, rPois}
 46856 | Elf:3    | Identified the ring "Deucahua" {rPois rN+ Str+5 Slay-6
                  | Stlth+}
 46933 | Elf:3    | Identified the ring "Caahee Gagui" {Fly rPois rCorr EV+5
                  | Str-2}
 46946 | Elf:3    | Identified the ring "Ofooz" {rC+ Will++ Dex-2}
 46983 | Elf:3    | Found the +8 longbow "Zephyr" {speed, Dex+3 SInv}
 46988 | Elf:3    | Found the +10 tower shield of Ignorance {rN+ Int-4}
 47001 | Elf:3    | Identified the ring "Woit" {^Drain rF++ EV+5 Dex+3 SInv}
 47009 | Elf:3    | Identified the ring "Buocexox" {Fly Str+2 Dex+2}
 47010 | Elf:3    | Identified the staff "Yhicvecs" {rF+ Will++ Dex-3 Fire}
 47026 | Elf:3    | Got Jeew's Elucidation of Gusts
 47035 | Elf:3    | Identified the +0 falchion of Ryojewut {drain, rC+ rN+
                  | Int+2 SInv}
 47039 | Elf:3    | Got the Lessons on Reformation
 47041 | Elf:3    | Identified the +5 morningstar of Giotwo Kuih {protect, rN+
                  | Will++ rCorr Str-3}
 47490 | Elf:3    | Identified the maw talisman of the Armadillo {Dex+3}
 47730 | Elf:2    | Reached XP level 24. HP: 159/185 MP: 32/32
 47886 | Elf:2    | Received a gift from Okawaru
 48327 | Crypt:1  | Entered Level 1 of the Crypt
 48961 | Crypt:1  | Reached skill level 9 in Shapeshifting
 48966 | Crypt:1  | Found a runed translucent door.
 49054 | Crypt:1  | Noticed Heot Zafel's ghost (veteran MiGl)
 49220 | Crypt:1  | Received a gift from Okawaru
 49439 | Crypt:1  | Killed Heot Zafel's ghost
 49769 | Crypt:2  | Found a basalt altar of Yredelemnul.
 49958 | Crypt:2  | Received a gift from Okawaru
 50023 | Crypt:2  | Noticed Bai Suzhen
 50042 | Crypt:2  | Killed Bai Suzhen
 50249 | Crypt:3  | Entered Level 3 of the Crypt
 50468 | Crypt:3  | Reached skill level 15 in Fighting
 50711 | Crypt:3  | Reached skill level 15 in Throwing
 50813 | Crypt:3  | Found a staircase to the Tomb.
 50863 | Crypt:3  | Reached XP level 25. HP: 181/182 MP: 32/32
 51006 | Crypt:3  | Received a gift from Okawaru
 51052 | Crypt:3  | Found an ancient bone altar of Kikubaaqudgha.
 51052 | Crypt:3  | Noticed an ancient lich
 51060 | Crypt:3  | Killed an ancient lich
 51338 | Crypt:3  | Found the +5 scythe "Finisher" {speed, execute}
 51355 | Crypt:3  | Identified the +1 scale mail "Kepaar" {+Inv}
 51682 | Tomb:1   | Entered Level 1 of the Tomb of the Ancients
 51813 | Tomb:1   | Reached skill level 12 in Shapeshifting
 51929 | Tomb:1   | Noticed a royal mummy
 51949 | Tomb:1   | Killed a royal mummy
 51949 | Tomb:1   | Received a gift from Okawaru
 52407 | Tomb:1   | Noticed a royal mummy
 52473 | Tomb:1   | Killed a royal mummy
 52612 | Tomb:1   | Noticed a royal mummy
 52664 | Tomb:1   | Killed a royal mummy
 53271 | Tomb:1   | Identified the +1 leather armour of the Gate {rC+ Stlth+}
 53281 | Tomb:1   | Lost mutation: You occasionally lose the ability to read
                  | scrolls when taking damage. [potion of mutation]
 53281 | Tomb:1   | Lost mutation: Your spells are a little easier to cast, but
                  | a little less powerful. [potion of mutation]
 53281 | Tomb:1   | Gained mutation: You are agile. (Dex +4, Str/Int -1)
                  | [potion of mutation]
 53281 | Tomb:1   | Gained mutation: You are very agile. (Dex +8, Str/Int -2)
                  | [potion of mutation]
 53281 | Tomb:1   | Gained mutation: You expend magic power (3 MP) to
                  | strengthen your wands. [potion of mutation]
 53595 | Vaults:5 | Entered Level 5 of the Vaults
 53596 | Vaults:5 | Noticed a dread lich
 53600 | Vaults:5 | Received a gift from Okawaru
 53611 | Vaults:5 | Killed a dread lich
 53645 | Vaults:5 | Reached skill level 15 in Shapeshifting
 53868 | Vaults:5 | Noticed a dread lich
 53887 | Vaults:4 | Received a gift from Okawaru
 53955 | Vaults:4 | Reached XP level 26. HP: 115/201 MP: 32/32
 54184 | Vaults:4 | Killed a dread lich
 54406 | Vaults:5 | Noticed an ancient lich
 54514 | Arena    | Entered the Arena
 54537 | Vaults:4 | Killed an ancient lich
 54778 | Vaults:5 | Noticed an ancient lich
 54790 | Arena    | Entered the Arena
 54843 | Vaults:4 | Received a gift from Okawaru
 54912 | Arena    | Entered the Arena
 54960 | Vaults:4 | Killed an ancient lich
 55397 | Vaults:5 | Reached skill level 22 in Shields
 55597 | Vaults:5 | Identified the +3 scale mail "Ceumpat" {Str+4}
 55631 | Vaults:5 | Noticed an ancient lich
 55643 | Vaults:5 | Killed an ancient lich
 56003 | Vaults:5 | Got a silver rune of Zot
 56010 | Vaults:5 | Identified the +6 dagger of Putrescence {drain, Dex+3}
 56153 | Vaults:5 | Identified the staff of the Leaping Enemy {rElec rF- Will+
                  | Hexes Air}
 56166 | Vaults:5 | Identified the ring "Ropa" {Ice rCorr Str+2 Dex+2}
 56217 | Vaults:5 | Identified the ring of Jealousy {rF+ Will+++ Int+6 Dex+2
                  | Slay-4}
 56467 | Vaults:5 | Identified the ring of Mosmycs {rElec rPois rF+ Str-5}
 56925 | Orc:2    | Bought a potion of cancellation for 112 gold pieces
 56925 | Orc:2    | Bought a potion of curing for 42 gold pieces
 56925 | Orc:2    | Bought a potion of cancellation for 112 gold pieces
 57011 | D:12     | Bought a potion of curing for 81 gold pieces
 57100 | D:14     | Killed Jaliuk's ghost
 57154 | D:14     | Got the ring of Uwec {rPois rC+ Will+ Dex+6 SInv}
 57169 | D:14     | Reached XP level 27. HP: 213/213 MP: 32/32
 57446 | Vaults:4 | Bought a potion of cancellation for 120 gold pieces
 57953 | Abyss:6  | Cast into level 6 of the Abyss (unwielding a weapon of
                  | distortion)
 57985 | Abyss:6  | Received a gift from Okawaru
 58124 | Abyss:6  | Got an abyssal rune of Zot
 58126 | Arena    | Entered the Arena
 58293 | Abyss:6  | Reached skill level 18 in Shapeshifting
 58342 | Abyss:6  | Gained mutation: Your spells are a little harder to cast,
                  | but a little more powerful. [a neqoxec]
 58440 | Abyss:6  | Reached skill level 18 in Fighting
 58504 | Abyss:6  | Received a gift from Okawaru
 58505 | Arena    | Entered the Arena
 58549 | Crypt:2  | Escaped the Abyss
 58562 | Crypt:2  | Reached skill level 3 in Spellcasting
 58844 | Tomb:2   | Noticed a royal mummy
 58849 | Tomb:2   | Noticed a royal mummy
 58857 | Tomb:2   | Reached skill level 3 in Translocations
 58870 | Tomb:2   | Killed a royal mummy
 58871 | Tomb:2   | Noticed a royal mummy
 58875 | Tomb:2   | Noticed a royal mummy
 58879 | Tomb:2   | Killed a royal mummy
 58884 | Tomb:2   | Killed a royal mummy
 58888 | Tomb:2   | Killed a royal mummy
 59306 | Tomb:1   | Noticed a royal mummy
 59306 | Tomb:1   | Noticed a royal mummy
 59306 | Tomb:1   | Noticed a royal mummy
 59307 | Tomb:1   | Noticed a royal mummy
 59309 | Tomb:1   | Noticed a royal mummy
 59316 | Tomb:1   | Killed a royal mummy
 59317 | Tomb:1   | Gained mutation: You are dopey. (Int -2) [mutagenic glow]
 59323 | Tomb:1   | Killed a royal mummy
 59326 | Tomb:1   | Noticed a royal mummy
 59337 | Tomb:1   | Killed a royal mummy
 59337 | Tomb:1   | Lost intelligence.
 59340 | Tomb:1   | HP: 12/284 [royal mummy (20)]
 59341 | Arena    | Entered the Arena
 59343 | Arena    | Gained mutation: You are frail. (-10% HP) [mutagenic glow]
 59348 | Arena    | HP: 10/256 [royal mummy/divine providence (15)]
 59351 | Arena    | Killed a royal mummy
 59354 | Arena    | Lost mutation: You are frail. (-10% HP) [potion of
                  | mutation]
 59354 | Arena    | Lost mutation: You expend magic power (3 MP) to strengthen
                  | your wands. [potion of mutation]
 59354 | Arena    | Lost mutation: Your spells are a little harder to cast, but
                  | a little more powerful. [potion of mutation]
 59354 | Arena    | Gained mutation: You expend magic power (3 MP) to
                  | strengthen your wands. [potion of mutation]
 59354 | Arena    | Gained mutation: Your system is resistant to poisons.
                  | (rPois) [potion of mutation]
 59355 | Arena    | Lost mutation: You expend magic power (3 MP) to strengthen
                  | your wands. [potion of mutation]
 59355 | Arena    | Lost mutation: Your system is resistant to poisons. (rPois)
                  | [potion of mutation]
 59356 | Arena    | Lost mutation: You are dopey. (Int -2) [potion of mutation]
 59356 | Arena    | Lost mutation: You are very agile. (Dex +8, Str/Int -2)
                  | [potion of mutation]
 59356 | Arena    | Lost mutation: You are agile. (Dex +4, Str/Int -1) [potion
                  | of mutation]
 59356 | Arena    | Gained mutation: You have large cloven feet. [potion of
                  | mutation]
 59370 | Tomb:1   | Killed a royal mummy
 59372 | Tomb:1   | Noticed a royal mummy
 59372 | Tomb:1   | Noticed a royal mummy
 59372 | Tomb:1   | Noticed a royal mummy
 59375 | Tomb:1   | You fall into a shaft and drop 1 floor!
 59667 | Tomb:2   | Learned a level 1 spell: Apportation
 59682 | Tomb:3   | Entered Level 3 of the Tomb of the Ancients
 59693 | Tomb:3   | Noticed a royal mummy
 59693 | Tomb:3   | Noticed a royal mummy
 59713 | Arena    | Entered the Arena
 59713 | Arena    | HP: 12/289 [bennu (14)]
 59740 | Tomb:3   | Noticed a royal mummy
 60001 | Tomb:2   | You are sucked into a shaft and drop 1 floor!
 60011 | Tomb:3   | Noticed a royal mummy
 60037 | Tomb:3   | Noticed a royal mummy
 60055 | Tomb:3   | Killed a royal mummy
 60059 | Tomb:3   | Noticed a royal mummy
 60062 | Tomb:3   | Killed a royal mummy
 60064 | Tomb:3   | Killed a royal mummy
 60079 | Tomb:3   | Killed a royal mummy
 60088 | Tomb:3   | Killed a royal mummy
 60088 | Tomb:3   | Received a gift from Okawaru
 60109 | Tomb:3   | Killed a royal mummy
 60200 | Tomb:3   | Noticed a royal mummy
 60216 | Tomb:3   | Killed a royal mummy
 60217 | Tomb:3   | Reached skill level 18 in Throwing
 60346 | Tomb:3   | Identified the ring "Zoeschesy" {^Drain Fly rPois Will+++
                  | Int+2}
 60455 | Tomb:3   | Identified the staff of Accord {rElec rC+ rN+ Will+ Necro}
 60527 | Tomb:3   | Noticed a royal mummy
 60540 | Tomb:3   | Killed a royal mummy
 60580 | Tomb:3   | Found the +2 shield of Resistance {rF++ rC++ Will++}
 60646 | Tomb:3   | Identified the staff of True Grit {rC+ Dex+4 Ice}
 60647 | Tomb:3   | Identified the +4 scale mail of Failure {+Blink rN++ Str-3
                  | Int+3}
 60658 | Tomb:3   | Identified the +0 robe "Guaclew" {rC+}
 60664 | Tomb:3   | Identified the ring of the Present {rF+ rN+ Int+3 Dex+4}
 60669 | Tomb:3   | Got the Elucidation of the Atmosphere
 60672 | Tomb:3   | Identified the ring of the Duchess {Fly Str+2 Int-4 Slay+6}
 60765 | Tomb:3   | Noticed a royal mummy
 60788 | Tomb:3   | Killed a royal mummy
 60973 | Tomb:3   | Got a golden rune of Zot
 61521 | Depths:1 | Entered Level 1 of the Depths
 61528 | Depths:1 | Received a gift from Okawaru
 61542 | Depths:1 | Found a glowing silver altar of Zin.
 61545 | Depths:1 | Found Zin's Purification Station.
 61581 | Depths:1 | Bought a potion of curing for 90 gold pieces
 61757 | Depths:2 | Found a one-way gate to the infinite horrors of the Abyss.
 61828 | Depths:2 | Identified the +0 scale mail of Benevolence {Harm rF+
                  | rCorr}
 61964 | Depths:3 | Found a gateway to Hell.
 62012 | Depths:3 | Noticed Vv
 62037 | Depths:3 | Killed Vv
 62069 | Depths:4 | Entered Level 4 of the Depths
 62144 | Depths:4 | Found a gate to the Realm of Zot.
 62166 | Depths:4 | Received a gift from Okawaru
 62186 | Depths:4 | Got a midnight gem with 2391 turns to spare
 62191 | Zot:1    | Entered Level 1 of the Realm of Zot
 62252 | Zot:2    | Acquired 1017 gold pieces
 62377 | Zot:3    | Noticed an orb of fire
 62405 | Zot:3    | Killed an orb of fire
 63323 | Zot:3    | Received a gift from Okawaru
 63383 | Zot:3    | Reached skill level 23 in Shields
 63477 | Zot:4    | Found a transporter.
 63648 | Zot:5    | Entered Level 5 of the Realm of Zot
 63676 | Zot:5    | Reached skill level 21 in Fighting
 63861 | Zot:5    | Noticed a Killer Klown
 63883 | Zot:5    | Killed a Killer Klown
 64135 | Zot:5    | Noticed a dread lich
 64148 | Zot:5    | Killed a dread lich
 64148 | Zot:5    | Received a gift from Okawaru
 64302 | Zot:4    | Noticed an orb of fire
 64302 | Zot:4    | Found a transporter.
 64303 | Zot:4    | Noticed an orb of fire
 64664 | Zot:5    | Reached skill level 24 in Shields
 64923 | Zot:1    | Noticed Grunn
 64940 | Zot:1    | Killed Grunn
 65126 | Zot:2    | Received a gift from Okawaru
 65303 | Zot:5    | Noticed an orb of fire
 65308 | Zot:5    | Gained mutation: You do not regenerate when monsters are
                  | visible. [an orb of fire]
 65328 | Zot:5    | Killed an orb of fire
 65478 | Zot:5    | Reached skill level 21 in Armour
 65493 | Zot:5    | Lost mutation: You have large cloven feet. [potion of
                  | mutation]
 65493 | Zot:5    | Lost mutation: You do not regenerate when monsters are
                  | visible. [potion of mutation]
 65493 | Zot:5    | Gained mutation: You are dopey. (Int -2) [potion of
                  | mutation]
 65493 | Zot:5    | Gained mutation: You are weak. (Str -2) [potion of
                  | mutation]
 65621 | Zot:5    | Noticed a dread lich
 65638 | Zot:5    | Killed a dread lich
 65661 | Zot:5    | Noticed a Killer Klown
 65691 | Zot:5    | Killed a Killer Klown
 65720 | Zot:5    | Noticed an orb of fire
 65722 | Zot:5    | Gained mutation: Potions are less effective at restoring
                  | your health. [an orb of fire]
 65726 | Zot:5    | Gained mutation: You are very weak. (Str -4) [an orb of
                  | fire]
 65751 | Zot:5    | Killed an orb of fire
 65763 | Zot:5    | Received a gift from Okawaru
 65787 | Zot:5    | Noticed an ancient lich
 65796 | Zot:5    | Killed an ancient lich
 65820 | Zot:5    | Noticed a Killer Klown
 65832 | Zot:5    | Killed a Killer Klown
 65865 | Zot:5    | Noticed an orb of fire
 65872 | Zot:5    | Gained mutation: You are vulnerable to heat. (rF-) [an orb
                  | of fire]
 65876 | Zot:5    | Gained mutation: You are frail. (-10% HP) [an orb of fire]
 65887 | Zot:5    | Gained mutation: Your health recovers twice as slowly from
                  | being drained. [an orb of fire]
 65889 | Zot:5    | Gained mutation: Your spells are a little easier to cast,
                  | but a little less powerful. [an orb of fire]
 65890 | Zot:5    | Gained mutation: Your body sometimes deteriorates upon
                  | taking damage. [an orb of fire]
 65900 | Zot:5    | Killed an orb of fire
 65901 | Zot:5    | Lost mutation: You are dopey. (Int -2) [potion of mutation]
 65901 | Zot:5    | Lost mutation: Your health recovers twice as slowly from
                  | being drained. [potion of mutation]
 65901 | Zot:5    | Gained mutation: You possess an exceptional clarity of
                  | mind. [potion of mutation]
 65901 | Zot:5    | Gained mutation: You have sharp toenails. [potion of
                  | mutation]
 65902 | Zot:5    | Lost mutation: You are vulnerable to heat. (rF-) [potion of
                  | mutation]
 65902 | Zot:5    | Lost mutation: You are very weak. (Str -4) [potion of
                  | mutation]
 65902 | Zot:5    | Lost mutation: Your body sometimes deteriorates upon taking
                  | damage. [potion of mutation]
 65902 | Zot:5    | Gained mutation: You are agile. (Dex +4, Str/Int -1)
                  | [potion of mutation]
 65902 | Zot:5    | Gained mutation: You occasionally lose the ability to read
                  | scrolls when taking damage. [potion of mutation]
 65902 | Zot:5    | Gained mutation: Your system is resistant to poisons.
                  | (rPois) [potion of mutation]
 66025 | Zot:5    | Reached skill level 25 in Shields
 66029 | Zot:5    | Noticed a Killer Klown
 66084 | Zot:5    | Noticed a dread lich
 66087 | Zot:5    | Noticed an ancient lich
 66093 | Zot:5    | Killed a dread lich
 66101 | Zot:5    | Killed an ancient lich
 66101 | Zot:5    | Noticed a Killer Klown
 66122 | Zot:5    | Killed a Killer Klown
 66123 | Zot:5    | Noticed an orb of fire
 66125 | Zot:5    | Lost mutation: You have sharp toenails. [an orb of fire]
 66129 | Zot:5    | Killed an orb of fire
 66129 | Zot:5    | Received a gift from Okawaru
 66152 | Zot:5    | Noticed an orb of fire
 66155 | Zot:5    | Lost mutation: You are agile. (Dex +4, Str/Int -1) [an orb
                  | of fire]
 66161 | Zot:5    | Gained mutation: You occasionally lose the ability to drink
                  | potions when taking damage. [an orb of fire]
 66165 | Zot:5    | Gained mutation: You have hidden genetic defects. [an orb
                  | of fire]
 66174 | Zot:5    | Gained mutation: You are dopey. (Int -2) [an orb of fire]
 66180 | Zot:5    | Killed an orb of fire
 66222 | Zot:5    | Noticed a dread lich
 66234 | Zot:5    | Killed a dread lich
 66256 | Zot:5    | Noticed a Killer Klown
 66268 | Zot:5    | Killed a Killer Klown
 66269 | Zot:5    | Reached skill level 21 in Throwing
 66280 | Zot:5    | Noticed an ancient lich
 66294 | Zot:5    | Killed an ancient lich
 66435 | Zot:5    | Lost mutation: You occasionally lose the ability to drink
                  | potions when taking damage. [potion of mutation]
 66435 | Zot:5    | Lost mutation: You are weak. (Str -2) [potion of mutation]
 66435 | Zot:5    | Lost mutation: Potions are less effective at restoring your
                  | health. [potion of mutation]
 66435 | Zot:5    | Gained mutation: You are partially covered in iridescent
                  | scales. (AC +2) [potion of mutation]
 66435 | Zot:5    | Gained mutation: You occasionally shout uncontrollably at
                  | your foes. [potion of mutation]
 66435 | Zot:5    | Gained mutation: Your muscles are strong. (Str +4, Int/Dex
                  | -1) [potion of mutation]
 66436 | Zot:5    | Lost mutation: Your spells are a little easier to cast, but
                  | a little less powerful. [potion of mutation]
 66436 | Zot:5    | Lost mutation: You are dopey. (Int -2) [potion of mutation]
 66436 | Zot:5    | Gained mutation: Your mind is acute. (Int +4, Str/Dex -1)
                  | [potion of mutation]
 66436 | Zot:5    | Gained mutation: Your spells are a little easier to cast,
                  | but a little less powerful. [potion of mutation]
 66436 | Zot:5    | Lost mutation: Your spells are a little easier to cast, but
                  | a little less powerful. [potion of mutation]
 66437 | Zot:5    | Lost mutation: Your muscles are strong. (Str +4, Int/Dex
                  | -1) [potion of mutation]
 66437 | Zot:5    | Lost mutation: You have hidden genetic defects. [potion of
                  | mutation]
 66437 | Zot:5    | Lost mutation: You are frail. (-10% HP) [potion of
                  | mutation]
 66437 | Zot:5    | Lost mutation: Your mind is acute. (Int +4, Str/Dex -1)
                  | [potion of mutation]
 66437 | Zot:5    | Gained mutation: You have large cloven feet. [potion of
                  | mutation]
 66454 | Zot:5    | Got the Orb of Zot
 66510 | Zot:5    | Gained mutation: Your magical capacity is low. (-10% MP)
                  | [mutagenic glow]
 66567 | Zot:4    | Gained mutation: Armour fits poorly on your strangely
                  | shaped body. [an orb of fire]
 66578 | Zot:4    | Gained mutation: Your health recovers twice as slowly from
                  | being drained. [an orb of fire]
 66596 | Zot:4    | Gained mutation: You are somewhat resistant to further
                  | mutation. [an orb of fire]
 66602 | Zot:4    | Killed an orb of fire
 66701 | Zot:1    | Noticed an orb of fire
 66712 | Zot:1    | Killed an orb of fire
 66719 | Zot:1    | Noticed Wuqedeh the pandemonium lord
 66749 | Zot:1    | Noticed Pepsoyng the pandemonium lord
 66810 | Depths:3 | Noticed Parghit
 66891 | Depths:3 | Noticed Vousuteji the pandemonium lord
 66935 | Depths:2 | Noticed Soofituv the pandemonium lord
 67336 | D:$      | Escaped with the Orb!

Illustrated notes

Levels and vault maps discovered:
D:1:      minmay_arrival_four_houses, layout_rooms, minmay_distorted
D:2:      minmay_recursive_quarters, layout_rooms,
          shapermc_ecumenical_altar_starsandcircs, serial_bayou_lake_a,
          uniq_terence, uniq_robin
D:3:      layout_rooms
D:4:      layout_basic, led_sif_book
D:5:      layout_loops_ring, minmay_temple_entry_large_hall
D:6:      layout_basic, serial_shops, shop, amcnicky_mini_corridor_feature,
          minmay_misc_feat_encased, uniq_menkaure, uniq_grinder
D:7:      nzn_winding_woodlands_small
          [nzn_winding_woodlands_5x15_river_crossing,
          nzn_winding_woodlands_center_pierced_h,
          nzn_winding_woodlands_5x15_pool], layout_gridville,
          minmay_fire_ice_demons, uniq_jeremiah, uniq_pikel
D:8:      minmay_thinvault, layout_loops_corners
D:9:      layout_basic, pf_just_have_faith
D:10:     layout_roguey, mainiacjoe_overflow_24_doors, gammafunk_ghost_grave
D:11:     layout_layer_cave, dpeg_oklobed_lair
D:12:     layout_basic, david_orc_5, serial_shops,
          nicolae_shop_getting_attention, nicolae_shop_distant_corner_stores,
          nicolae_shop_unique_rings, nemelex_altar_shiori, uniq_fannar,
          uniq_josephine
D:13:     layout_rooms, ximxim_vaults_locker_room, st_stairs_5, uniq_lodul,
          uniq_kirke
D:14:     layout_irregular_city, gammafunk_ghost_stat_death, elyvilon_altar_4
D:15:     gammafunk_enter_depths_forms, layout_layer_cave, uniq_azrael
Temple:   nicolae_temple_bog_church
Lair:1:   dreamdust_cave_troll, layout_long_grid, st_stairs_13,
          lemuel_old_faithful
Lair:2:   layout_regular_city, hellmonk_spider_entry_not_the_bees,
          gauntlet_entry_generic, eino_house_with_fridge
Lair:3:   layout_loops_ring, elwin_shoals_entry_rocks, hibernation_bobbens
Lair:4:   layout_gridlike, slime_entry_1
Lair:5:   guppyfry_lair_end_dragon, layout_regular_city,
          hangedman_lair_caniforms_friends, grunt_megastairs_1
Shoals:1: layout_shoals
Shoals:2: layout_shoals, uniq_ilsuiw
Shoals:3: layout_shoals
Shoals:4: shoals_end_hellmonk_lost_city, uniq_nikola, uniq_polyphemus
Spider:1: layout_spider_delve, uniq_mlioglotl
Spider:2: layout_spider_delve
Spider:3: layout_spider_delve, nicolae_spider_nooks_and_crannies
Spider:4: grunt_spider_rune_parallel, drop_trap, uniq_louise
Slime:1:  layout_caves, nicolae_slime_barrier, nicolae_slime_phagocytosis
Slime:2:  layout_caves
Slime:3:  layout_caves
Slime:4:  layout_caves, uniq_dissolution
Slime:5:  slime_pit_nicolae_block_by_block
Orc:1:    layout_caves, uniq_nergalle
Orc:2:    st_orc_ogre_mass, layout_diamond_mine, basic_altar,
          nicolae_orc_pool_cavern, minmay_orc_temple_c
Elf:1:    layout_geoelf_diagonals, minivault_28, uniq_roxanne
Elf:2:    elven_hall_of_blades_hangedman_alternative [nicolae_blade_lattice],
          layout_geoelf_octagon, serial_shops, nicolae_shop_rolling_square,
          lemuel_elevator
Elf:3:    grunt_elf_hall_diamonds, layout_gridlike, serial_shops,
          nicolae_shop_trees, st_stairs_5
Vaults:1: nicolae_vaults_variable_pillar_hall, vaults_standard_mumra_lines,
          nicolae_vaults_storage_closets_3, vaults_room_fours, v_misc_17,
          nicolae_vaults_little_squares_2, dpeg_vaults_monster_box,
          nicolae_vaults_apartment_2, v_misc_18, grunt_vaults_swirl, v_misc_23,
          layout_vaults_omnibox
Vaults:2: nicolae_vaults_octothorpe, nicolae_vaults_hexular_roomagon,
          nicolae_vaults_shrinking_rooms_2, ontoclasm_vaults_chip,
          nicolae_vaults_six-pack, serial_ice_m, nicolae_vaults_murderbox,
          grunt_vaults_twisty, vaults_standard_mumra_enter_the_diamond,
          nicolae_vaults_circle_grid_b, nicolae_vaults_gold_heap,
          nicolae_vaults_closet_pinwheel_4, serial_ice_g, layout_vaults_ring,
          serial_shops, bzr_firewalk
Vaults:3: v_alt_pattern_1, minmay_crypt_entry_necro_gods,
          vaults_mumra_chevron_long, v_misc_18, v_misc_27, vaults_mumra_hex,
          hangedman_vaults_slice, vaults_room_door_ring, hangedman_vaults_nails,
          nicolae_vaults_apartment_2, nicolae_vaults_tetromino_L_2,
          vaults_dpeg_hooks, nicolae_vaults_taking_the_gang_shopping,
          layout_vaults_big_room, uniq_sojobo, uniq_mara
Vaults:4: ontoclasm_vaults_fire_temple, vaults_dpeg_cross,
          nicolae_vaults_trapezoid_4, nicolae_vaults_little_squares_3,
          nicolae_vaults_house_1, nicolae_vaults_storage_closets_1,
          layout_vaults_omnigrid, serial_shops,
          nicolae_shop_temple_entry_statues_fountains, uniq_boris, uniq_mennas
Vaults:5
Crypt:1:  layout_basic, ebering_ghost_reflecting_pool,
          grunt_crypt_arrival_guarded_gate
Crypt:2:  layout_rooms, basic_altar, grunt_ministairs_9, uniq_bai_suzhen
Crypt:3:  cryptofortress_bobbens
Tomb:1
Tomb:2
Tomb:3
Depths:1: evilmike_marble_ring, layout_basic, tso_metal_star, serial_shops,
          shop, pf_hell_entry_tar_river, minmay_stone_trees_medium, zin_purify,
          firewood_loft
Depths:2: regret_index_qazlal_generations, layout_basic,
          grunt_hell_entry_dis_grunt, kennysheep_pointless_box,
          hangedman_abyss_entry_splay, grunt_pan_entry_sceptre
Depths:3: minmay_stepped, layout_gridville, enter_ziggurat_e,
          nicolae_hell_entry_hellmouth_sunbeams, abyss_entry, uniq_parghit,
          uniq_vv, uniq_xtahua
Depths:4: grunt_zot_entry_funnels, layout_basic, chequers_big_river, pan_entry,
          pf_dread_powers_of_hell
Zot:1:    layout_cathedral_of_symmetry, drop_trap, st_stairs_4, uniq_grunn
Zot:2:    layout_cathedral_of_symmetry, grunt_ministairs_12
Zot:3:    regret_index_all_hallows'_manor, layout_cathedral_of_symmetry
Zot:4:    gammafunk_sealed_arena, layout_basic,
          nicolae_transporter_intersection, uniq_josephina
Zot:5:    layout_misc_corridors

Skill      XL: |  1  2  3  4  5  6  7  8  9 10 11 12 13 14 15 16 17 18 19 20 21 22 23 24 25 26 27 |
---------------+----------------------------------------------------------------------------------+-----
Armour         | 1 2 3 4 5 6 7 9 10 12 13 15 16 18 19 20 21 | 21.5
Invocations    | 2 4 6 9 10 11 12 14 | 14.0
Shields        | 3 4 8 9 11 13 15 17 19 20 21 22 25 | 25.8
Dodging        | 2 4 5 7 8 |  8.0
Fighting       | 4 6 7 10 12 13 14 15 16 23 | 23.1
Maces & Flails | 1 5 8 12 13 15 18 19 20 | 20.0
Throwing       | 4 5 7 10 11 12 13 15 16 21 | 21.1
Evocations     | 5 9 10 | 10.0
Ranged Weapons | 3 5 7 9 10 | 10.5
Shapeshifting  | 7 11 15 17 18 | 18.0
Translocations | 4 |  4.0
Spellcasting   | 3 |  3.0
Short Blades   | |  2.0
Stealth        | |  6.0

Action                     |  1- 3 |  4- 6 |  7- 9 | 10-12 | 13-15 | 16-18 | 19-21 | 22-24 | 25-27 || total
---------------------------+-------+-------+-------+-------+-------+-------+-------+-------+-------++-------
  Melee: Short sword       |    49 |   421 |       |       |       |       |     6 |       |       ||   476
         Punch             |     2 |     1 |       |       |       |       |       |       |       ||     3
         Dagger            |       |    44 |    19 |       |       |       |       |       |       ||    63
         Whip              |       |       |   173 |   616 |  1050 |   783 |    63 |       |       ||  2685
         Great mace        |       |       |       |       |       |   693 |  1391 |  2279 |  3087 ||  7450
         Unarmed           |       |       |       |       |       |       |    11 |       |       ||    11
         Kick              |       |       |       |       |       |       |       |       |    82 ||    82
   Fire: Sling             |       |    14 |    53 |     3 |       |       |       |       |       ||    70
         Orcbow            |       |       |       |    75 |   367 |    95 |       |       |       ||   537
  Throw: Dart              |       |       |       |     8 |     5 |    73 |     5 |     2 |       ||    93
         Javelin           |       |       |       |       |    60 |    36 |    80 |    71 |   172 ||   419
         Boomerang         |       |       |       |       |     5 |    43 |   143 |    81 |   473 ||   745
   Cast: Apportation       |       |       |       |       |       |       |       |       |     4 ||     4
 Invoke: Heroism           |       |     3 |     3 |     7 |    16 |    17 |     5 |     4 |     6 ||    61
         Finesse           |       |       |       |     1 |     2 |     5 |     5 |     5 |    28 ||    46
         Duel              |       |       |       |     1 |       |     3 |     3 |     1 |     7 ||    15
         Receive Weapon    |       |       |       |       |       |       |     1 |       |       ||     1
         Receive Armour    |       |       |       |       |       |       |     1 |       |       ||     1
Ability: Dig               |       |       |     1 |     1 |       |     4 |     1 |       |    15 ||    22
         Shaft Self        |       |       |     1 |       |       |     1 |       |       |     2 ||     4
  Evoke: Condenser vane    |       |       |       |       |     2 |     1 |     4 |     2 |     4 ||    13
         Wand              |       |       |       |       |     2 |     3 |     5 |     1 |    11 ||    22
         Lightning rod     |       |       |       |       |       |       |       |       |     5 ||     5
         Phial of floods   |       |       |       |       |       |       |       |       |     2 ||     2
    Use: Scroll            |       |       |     2 |       |    11 |    18 |    13 |     5 |    23 ||    72
         Potion            |       |       |       |     5 |     2 |     5 |     7 |     4 |    67 ||    90
   Stab: Sleeping          |     1 |    13 |     5 |     4 |     4 |       |       |       |       ||    27
         Distracted        |       |       |     1 |     3 |     2 |     1 |       |       |     5 ||    12
         Petrified         |       |       |       |       |       |       |     5 |       |       ||     5
         Petrifying        |       |       |       |       |       |       |     1 |       |       ||     1
         Confused          |       |       |       |       |       |       |     2 |       |       ||     2
         Invisible         |       |       |       |       |       |       |       |       |    13 ||    13
 Armour: Ring mail         |    11 |   212 |    96 |   203 |   354 |    50 |       |       |       ||   926
         Leather armour    |    12 |    20 |       |       |       |       |       |       |       ||    32
         Plate armour      |       |       |       |       |       |   773 |   289 |       |       ||  1062
         Crystal plate arm |       |       |       |       |       |       |   472 |   918 |  1336 ||  2726
         Skin              |       |       |       |       |       |       |       |       |   549 ||   549
  Dodge: Dodged            |    24 |   269 |    71 |   183 |   558 |   454 |   281 |   357 |   686 ||  2883
  Block: Buckler           |       |    44 |    32 |    82 |       |       |       |       |       ||   158
         Kite shield       |       |       |       |    76 |   718 |  1118 |   293 |       |       ||  2205
         Tower shield      |       |       |       |       |       |       |  1215 |  2986 |  4503 ||  8704
         Form:             |       |       |       |       |       |       |       |     1 |     3 ||     4
         Statue            |       |       |       |       |       |       |       |     1 |     3 ||     4
